 Dungeon Crawl Stone Soup version 0.26.0-45-g9c1d065592 (webtiles) character file.

Game seed: 6775755175262556750

117686 Gauvater the Severer (level 16, -3/148 HPs)
             Began as a Palentonga Fighter on Jan 31, 2021.
             Was a High Priest of Wu Jian.
             Killed from afar by a deep elf knight (14 damage)
             ... with a shard of ice
             ... on level 2 of the Elven Halls.
             The game lasted 03:50:23 (43980 turns).

Gauvater the Severer (Palentonga Fighter)          Turns: 43980, Time: 03:50:24

Health: -3/148     AC: 27    Str: 23    XL:     16   Next: 23%
Magic:  16/16      EV: 11    Int:  8    God:    Wu Jian [*****.]
Gold:   2681       SH: 13    Dex: 12    Spells: 15/15 levels left

rFire    . . .     SeeInvis +   g - +5 broad axe (chaos)
rCold    . . .     Faith    .   c - +1 kite shield
rNeg     . . .     Spirit   .   P - +5 scale mail of the Known World {Str+2}
rPois    +         Reflect  .   e - +2 hat {Will+}
rElec    .         Harm     .   T - +1 cloak {Stlth+}
rCorr    .         Rampage  .   R - +1 pair of gloves
Will     ++...                  (no barding)
Stlth    +.........             (no amulet)
HPRegen  0.34/turn              O - ring of poison resistance
MPRegen  0.15/turn              S - ring of stealth

@: curled up
A: large, rugged brown scales 3, see invisible, deformed body, weak 2, roll 1,
armoured tail, reflexive curl
a: Rolling Charge, Renounce Religion, Wall Jump, Serpent's Lash, Heavenly Storm


You were on level 2 of the Elven Halls.
You worshipped Wu Jian.
Wu Jian was extremely pleased with you.
You visited 5 branches of the dungeon, and saw 24 of its levels.
You also visited: Gauntlet and Ice Cave.

You collected 2999 gold pieces.
You spent 318 gold pieces at shops.

Inventory:

Hand Weapons
 a - a +3 broad axe of flaming
 b - a +2 broad axe of freezing
 g - a +5 broad axe of chaos (weapon)
 j - the +8 broad axe "Vifudok" {drain, *Noise rF+ Dex+9 SInv}
   (You acquired it on level 10 of the Dungeon)

   A truly terrible weapon, it drains the life of those it strikes.
   It affects your dexterity (+9).
   It protects you from fire.
   It lets you see invisible.
   It may make noises in combat.
 E - a +3 war axe of holy wrath
 Z - a +0 hand crossbow
Missiles
 k - 6 atropa-tipped darts
 o - 26 silver javelins
 B - 179 bolts
 G - 43 poisoned darts
 H - 23 boomerangs
 K - 8 curare-tipped darts
Armour
 c - a +1 kite shield (worn)
 e - a +2 hat of willpower (worn)
 v - a +0 pair of gloves
 P - the +5 scale mail of the Known World (worn) {Str+2}
   (You found it on level 8 of the Dungeon)

   It affects your strength (+2).
 R - a +1 pair of gloves (worn)
 T - a +1 cloak of stealth (worn)
Jewellery
 O - a ring of poison resistance (left hand)
 Q - an uncursed ring of protection from cold
 S - a ring of stealth (right hand)
 V - an uncursed ring of flight
Wands
 d - a wand of enslavement (2)
 l - a wand of paralysis (45)
 w - a wand of flame (36)
 y - a wand of disintegration (13)
 z - a wand of polymorph (30)
 L - a wand of digging (14)
 M - a wand of iceblast (22)
Scrolls
 f - 7 scrolls of teleportation
 h - 2 scrolls of fog
 i - 8 scrolls of remove curse
 p - 3 scrolls of immolation
 r - 2 scrolls of holy word
 t - 5 scrolls of identify
 A - a scroll of brand weapon
 F - 4 scrolls of fear
 N - 2 scrolls of summoning
 U - a scroll of magic mapping
Potions
 n - 5 potions of resistance
 q - 4 potions of curing
 u - 2 potions of cancellation
 x - a potion of berserk rage
 C - a potion of brilliance
 D - a potion of might
 I - 2 potions of flight
 J - a potion of ambrosia
Miscellaneous
 s - a condenser vane
 Y - a tin of tremorstones (2/2)


   Skills:
 - Level 12.3 Fighting
 * Level 18.8 Axes
 - Level 2.9 Throwing
 - Level 8.8 Armour
 - Level 6.1 Dodging
 - Level 9.4 Shields
 - Level 7.7 Evocations


You had 15 spell levels left.
You didn't know any spells.
Your spell library contained the following spells:

 Spells                   Type           Power        Failure   Level
 Animate Skeleton         Necr           0%           67%         1
 Corona                   Hex            0%           67%         1
 Magic Dart               Conj           0%           67%         1
 Pain                     Necr           0%           67%         1
 Sandblast                Erth           0%           67%         1
 Summon Small Mammal      Summ           0%           67%         1
 Blink                    Tloc           N/A          82%         2
 Call Imp                 Summ           0%           82%         2
 Ensorcelled Hibernation  Hex/Ice        0%           82%         2
 Passwall                 Tmut/Erth      0%           82%         2
 Poisonous Vapours        Pois/Air       0%           82%         2
 Slow                     Hex            0%           82%         2
 Call Canine Familiar     Summ           0%           96%         3
 Confusing Touch          Hex            0%           96%         3
 Conjure Flame            Conj/Fire      0%           96%         3
 Dazzling Flash           Conj/Hex       0%           96%         3
 Gell's Gravitas          Tloc           0%           96%         3
 Ignite Poison            Fire/Tmut/Pois 0%           96%         3
 Inner Flame              Hex/Fire       0%           96%         3
 Mephitic Cloud           Conj/Pois/Air  0%           96%         3
 Stone Arrow              Conj/Erth      0%           96%         3
 Summon Guardian Golem    Hex/Summ       0%           96%         3
 Tukima's Dance           Hex            0%           96%         3
 Vampiric Draining        Necr           0%           96%         3
 Animate Dead             Necr           0%           100%        4
 Cause Fear               Hex            0%           100%        4
 Ice Form                 Ice/Tmut       0%           100%        4
 Petrify                  Tmut/Erth      0%           100%        4
 Summon Ice Beast         Ice/Summ       0%           100%        4
 Summon Lightning Spire   Summ/Air       0%           100%        4
 Agony                    Necr           0%           100%        5
 Bolt of Magma            Conj/Fire/Erth 0%           100%        5
 Fireball                 Conj/Fire      0%           100%        5
 Lee's Rapid Deconstruct  Erth           0%           100%        5
 Metabolic Englaciation   Hex/Ice        0%           100%        5
 Silence                  Hex/Air        0%           100%        5
 Yara's Violent Unravell  Hex/Tmut       0%           100%        5
 Death Channel            Necr           0%           100%        6
 Freezing Cloud           Conj/Ice/Air   0%           100%        6
 Ozocubu's Refrigeration  Ice            0%           100%        6
 Simulacrum               Ice/Necr       0%           100%        6
 Starburst                Conj/Fire      0%           100%        6
 Discord                  Hex            0%           100%        8
 Ignition                 Fire           0%           100%        8


Dungeon Overview and Level Annotations

Branches:
Dungeon (13/15)            Temple (1/1) D:6            Lair (6/6) D:10
  Swamp (0/4) Lair:2        Snake (0/4) Lair:2          Orc (2/2) D:11
    Elf (2/3) Orc:2        Vaults (0/5) D:13          IceCv (visited)
Gauntlet (visited)
  Slime: Lair:5-6

Altars:
Ashenzari
Cheibriados
Dithmenos
Elyvilon
Fedhas
Gozag
Hepliaklqana
Kikubaaqudgha
Makhleb
Nemelex Xobeh
Okawaru
Qazlal
Ru
Sif Muna
Trog
Uskayaw
Vehumet
Wu Jian
Xom
Yredelemnul
Zin
The Shining One
Beogh

Shops:
D:4 :   D:8 *   D:12 *   Orc:2 *(*([   Elf:1 =   Elf:2 }

Annotations:
D:5 1 runed translucent door, Gauvater's ghost, novice PaFi
D:13 Azrael
Lair:3 3 runed translucent doors, Foabaekk's ghost, journeyman GrMo


Innate Abilities, Weirdness & Mutations

You are completely covered in rugged brown scales. (AC +3, +7% HP)
You have supernaturally acute eyesight. (SInv)
Armour fits poorly on your strangely shaped body.
You can roll at nearby foes to attack.
You have a long armoured tail.
You curl defensively after being hit.
You are very weak. (Str -4)


Message History

The deep elf knight gestures at you while chanting.
The shard of ice hits you!!
The deep elf knight hits you but does no damage.
The +3 glaive of flaming hits you from afar!!
* * * LOW HITPOINT WARNING * * *
The +3 glaive of flaming burns you!
* * * LOW HITPOINT WARNING * * *
You block the deep elf knight's attack.
The deep elf knight casts a spell at you.
The shard of ice hits you!!
* * * LOW HITPOINT WARNING * * *
Okay, then.
Okay, then.
Blink to where?
Press: ? - help, Dir - move target
As you read the scroll of blinking, it crumbles to dust.
You feel better.
The deep elf knight gestures at you while chanting.
The shard of ice hits you!
You die...

##.# ##.....## ## #######
##.....# .#
###...[######......#
.######....#)...##......##
....##....###...##.....##
.##.#......#(..###.....##
##.[#...#.)....#.'......##
#..(..###....(##'.......#
#..).## ##..#.)@'......##
#...(.###.....##'.......#
#####...#......#.'......##
...##......#..)###.....##
##.###(...###...##e....##
##.#
##....#....##ยง.....##
...# ###....######(.....#
#### ###### ##.....# ##.
##.....##


You could see a deep elf knight (fast, very poisoned) and a +3 glaive of
flaming.

Vanquished Creatures
  Gastronok (D:8)
  A deep elf sorcerer (Elf:1)
  A frost giant (IceCv)
  The ghost of Riymurr the Phalangite, a journeyman MfMo of Hepliaklqana (Lair:5)
  A minotaur (Gauntlet)
  Snorg (Orc:1)
  Josephine (Lair:5)
  A deep elf high priest (Elf:1)
  7 hydras
  A boulder beetle (Lair:2)
  Erica (D:8)
  A catoblepas (shapeshifter) (Elf:1)
  A centaur warrior (D:8)
  Harold (D:9)
  3 two-headed ogres
  A death yak (IceCv)
  15 dancing weapons
  5 orc high priests (Orc:2)
  8 deep elf knights
  14 deep elf archers
  A wizard (D:13)
  Pikel (D:8)
  5 lindwurms
  3 ugly things
  47 deep elf magi
  6 orc knights
  A wolf spider (Elf:1)
  An oklob plant (D:10)
  An orc sorcerer (Elf:2)
  2 cyclopes
  A faun (Lair:6)
  A will-o-the-wisp (Lair:2)
  Joseph (D:9)
  3 black mambas
  An ice statue (IceCv)
  Maurice (D:8)
  5 elephants
  12 cane toads
  A centaur skeleton (D:12)
  2 gargoyles
  A rime drake (IceCv)
  2 komodo dragons
  20 polar bears
  A merfolk (D:9)
  5 trolls
  A hornet (D:12)
  Grinder (D:5)
  A raiju (Gauntlet)
  5 dream sheep (Lair:5)
  A wind drake (shapeshifter) (D:13)
  20 blink frogs
  A spriggan (shapeshifter) (Elf:2)
  4 wyverns
  2 water elementals (Elf:1)
  4 wraiths (Lair:5)
  4 small abominations (Gauntlet)
  38 yaks
  Grum (D:9)
  4 steam dragons
  3 fire elementals
  3 basilisks
  Menkaure (D:5)
  2 vampire mosquitoes (D:13)
  A soldier ant (D:11)
  3 wargs
  4 nagas (Lair:2)
  9 water moccasins
  2 hell hounds
  7 ice beasts
  25 orc warriors
  A sky beast (D:12)
  A swamp drake (D:11)
  13 ogres
  2 phantoms
  2 black bears
  57 wolves
  7 centaurs
  5 big kobolds
  2 lemures (D:8)
  An earth elemental (Elf:1)
  21 bullfrogs
  3 scorpions
  7 killer bees
  13 wights
  4 jellies
  An electric eel (Lair:5)
  3 bullfrog zombies
  A centaur zombie (D:8)
  2 quasits
  7 hounds
  3 bullfrog skeletons
  22 orc priests
  17 orc wizards
  7 iguanas
  10 worker ants
  Robin (D:2)
  A killer bee simulacrum (D:9)
  8 gnolls
  9 adders
  A howler monkey skeleton (D:4)
  2 shadow imps
  2 white imps
  4 ufetubi
  7 oozes
  An adder skeleton (D:6)
  3 worms
  3 dart slugs
  An adder simulacrum (D:9)
  5 leopard geckos
  90 orcs
  6 giant cockroaches
  14 goblins
  18 hobgoblins
  8 jackals
  21 kobolds
  4 quokkas
  A ball python (D:2)
  8 bats
  5 frilled lizards
  A giant cockroach zombie (D:5)
  A jackal skeleton (D:9)
  3 quokka zombies
  11 rats
789 creatures vanquished.

Vanquished Creatures (collateral kills)
  2 polar bears (IceCv)
2 creatures vanquished.

Vanquished Creatures (others)
  A deep elf knight (Elf:1)
  A deep elf mage (Elf:1)
  A wolf (Lair:6)
  An orc wizard (D:11)
  A goblin (D:3)
  2 foxfires (Lair:2)
  12 fungi
  18 plants
  2 withered plants (D:11)
39 creatures vanquished.

Grand Total: 830 creatures vanquished

Notes
Turn   | Place    | Note
-------+----------+-------------------------------------------
     0 | D:1      | Gauvater the Palentonga Fighter began the quest for the
                  | Orb.
     0 | D:1      | Reached XP level 1. HP: 20/20 MP: 1/1
   292 | D:1      | Reached XP level 2. HP: 27/27 MP: 2/2
   411 | D:1      | Found a broken altar of Ashenzari.
   696 | D:1      | Reached XP level 3. HP: 33/33 MP: 3/3
   823 | D:2      | Noticed Robin
  1048 | D:2      | Killed Robin
  1049 | D:2      | Reached XP level 4. HP: 32/40 MP: 4/4
  1175 | D:2      | Reached skill level 3 in Axes
  1311 | D:2      | Found a stormy altar of Qazlal.
  1392 | D:2      | Found a broken altar of Ashenzari.
  1584 | D:2      | Found a shadowy altar of Dithmenos.
  1584 | D:2      | Found a hazy altar of Hepliaklqana.
  1585 | D:2      | Found a sacrificial altar of Ru.
  2108 | D:3      | Reached XP level 5. HP: 49/49 MP: 5/5
  2236 | D:3      | Found a bloodstained altar of Trog.
  2241 | D:3      | Reached skill level 1 in Dodging
  3023 | D:4      | Found Diosur's Book Shoppe.
  3168 | D:4      | Reached skill level 4 in Axes
  3168 | D:4      | Reached XP level 6. HP: 42/55 MP: 6/6
  3410 | D:5      | Entered Level 5 of the Dungeon
  3961 | D:5      | Gained mutation: You curl defensively after being hit.
                  | [Palentonga growth]
  3961 | D:5      | Reached XP level 7. HP: 45/63 MP: 7/7
  4322 | D:5      | Found a radiant altar of Vehumet.
  4324 | D:5      | Reached skill level 5 in Axes
  4341 | D:5      | Noticed Menkaure
  4597 | D:5      | Noticed Grinder
  4606 | D:6      | Found a staircase to the Ecumenical Temple.
  4625 | D:5      | Paralysed by Grinder for 3 turns
  4634 | D:5      | Killed Grinder
  4635 | D:5      | Reached XP level 8. HP: 44/71 MP: 8/8
  4642 | D:5      | Killed Menkaure
  4643 | D:5      | Reached skill level 6 in Axes
  5084 | D:5      | Found a runed translucent door.
  5084 | D:5      | Noticed Gauvater's ghost (novice PaFi)
  5341 | D:6      | Reached skill level 5 in Fighting
  5846 | D:6      | Found an opulent altar of Gozag.
  5895 | D:6      | Found a glowing silver altar of Zin.
  5937 | D:6      | You fall into a shaft and drop 2 floors!
  6273 | Temple   | Entered the Ecumenical Temple
  6500 | Temple   | Became a worshipper of the Wu Jian Council
  6679 | D:7      | Found a white marble altar of Elyvilon.
  6934 | D:8      | Noticed Pikel
  6957 | D:8      | Killed Pikel
  6958 | D:8      | Reached skill level 7 in Axes
  6958 | D:8      | Reached skill level 5 in Armour
  6958 | D:8      | Reached skill level 5 in Shields
  6958 | D:8      | Reached XP level 9. HP: 64/79 MP: 9/9
  6973 | D:8      | Found a glowing golden altar of the Shining One.
  7122 | D:8      | Noticed Maurice
  7148 | D:8      | Killed Maurice
  7298 | D:8      | Found Zuryotat's Changing Room.
  7694 | D:8      | Noticed Erica
  7711 | D:8      | Killed Erica
  7712 | D:8      | Reached skill level 1 in Throwing
  8368 | D:8      | Noticed a cyclops
  8388 | D:8      | Killed a cyclops
  8389 | D:8      | Reached skill level 8 in Axes
  8679 | D:8      | Got a slimy scale mail
  8689 | D:8      | Identified the +5 scale mail of the Known World {Str+2}
                  | (You found it on level 8 of the Dungeon)
  8697 | D:8      | Noticed a centaur warrior
  8720 | D:8      | Killed a centaur warrior
  8721 | D:8      | Reached XP level 10. HP: 37/92 MP: 10/10
  9000 | D:9      | Noticed Gastronok
  9541 | D:9      | Noticed Harold
  9968 | D:8      | Killed Gastronok
  9969 | D:8      | Reached skill level 9 in Axes
 10258 | D:9      | Killed Harold
 10515 | D:9      | Noticed Grum
 10522 | D:9      | Killed Grum
 10684 | D:9      | Reached XP level 11. HP: 82/100 MP: 11/11
 11299 | D:9      | Reached * piety under Wu Jian
 11534 | D:9      | Noticed Joseph
 11536 | D:9      | Paralysed by Joseph for 2 turns
 11558 | D:9      | Killed Joseph
 12002 | D:10     | Entered Level 10 of the Dungeon
 12074 | D:10     | Found a staircase to the Lair.
 12074 | D:10     | Noticed an oklob plant
 12380 | D:10     | Got a bloodstained long sword
 12380 | D:10     | Identified the +4 long sword of Accord {protect, +Fly Int-2
                  | Dex+3} (You found it on level 10 of the Dungeon)
 12465 | D:10     | Noticed a cyan ugly thing
 12483 | D:10     | Killed a cyan ugly thing
 13644 | D:11     | Reached skill level 10 in Axes
 13657 | D:11     | Reached skill level 1 in Evocations
 13990 | D:11     | Reached ** piety under Wu Jian
 14091 | D:11     | Found a staircase to the Orcish Mines.
 14651 | D:11     | Noticed a brown ugly thing
 14724 | D:11     | Killed a brown ugly thing
 15336 | D:11     | Noticed a two-headed ogre
 15391 | D:11     | Killed a two-headed ogre
 15588 | D:11     | Found a basalt altar of Yredelemnul.
 15985 | D:12     | Reached *** piety under Wu Jian
 16137 | D:12     | Noticed a two-headed ogre
 16183 | D:12     | Reached XP level 12. HP: 51/111 MP: 12/12
 16844 | D:11     | Killed a two-headed ogre
 17279 | D:12     | Found a roughly hewn altar of Beogh.
 17439 | D:12     | Noticed a seven-headed hydra
 17447 | D:12     | Killed a one-headed hydra
 17708 | D:12     | Reached skill level 11 in Axes
 17822 | D:12     | Found Yniur's Assorted Antiques.
 17827 | D:12     | Noticed a two-headed ogre
 17836 | D:12     | Killed a two-headed ogre
 17838 | D:12     | Reached **** piety under Wu Jian
 18008 | D:12     | Bought a scroll of identify for 74 gold pieces
 18008 | D:12     | Bought a scroll of identify for 74 gold pieces
 18160 | D:12     | Reached skill level 5 in Dodging
 18317 | D:12     | Found a shadowy altar of Dithmenos.
 18539 | D:13     | Found a gate to the Vaults.
 18677 | D:13     | Found a frozen archway.
 18926 | IceCv    | Entered an ice cave
 20059 | IceCv    | Reached skill level 10 in Fighting
 20665 | IceCv    | Reached skill level 5 in Evocations
 20951 | IceCv    | Reached XP level 13. HP: 105/120 MP: 13/13
 21225 | IceCv    | Noticed a frost giant
 21266 | IceCv    | HP: 9/181 [frost giant/+0 battleaxe of freezing (3)]
 21269 | IceCv    | Killed a frost giant
 21824 | D:13     | Noticed Azrael
 22097 | D:10     | Identified a scroll of acquirement
 22098 | D:10     | Acquired the +8 broad axe "Vifudok" {drain, *Noise rF+
                  | Dex+9 SInv}
 23004 | Lair:1   | Entered Level 1 of the Lair of Beasts
 23328 | Lair:1   | Reached skill level 12 in Axes
 24060 | Lair:2   | Found a staircase to the Snake Pit.
 24342 | Lair:2   | Reached ***** piety under Wu Jian
 24685 | Lair:2   | Found a staircase to the Swamp.
 25687 | Lair:3   | Noticed Foabaekk's ghost (journeyman GrMo)
 25689 | Lair:3   | Found a runed translucent gate.
 25690 | Lair:3   | Found a runed translucent gate.
 25874 | Lair:3   | Found a runed translucent gate.
 26179 | Lair:4   | Found a gate leading to a gauntlet.
 26209 | Gauntlet | Entered a Gauntlet
 26209 | Gauntlet | Found a transporter.
 26217 | Gauntlet | Found a transporter.
 26219 | Gauntlet | Found a transporter.
 26262 | Gauntlet | Found a runed translucent gate.
 26263 | Gauntlet | Found a runed translucent gate.
 26264 | Gauntlet | Found a runed translucent gate.
 26273 | Gauntlet | Found a transporter.
 26283 | Gauntlet | Found a transporter.
 26290 | Gauntlet | Found a transporter.
 26293 | Gauntlet | Found a transporter.
 26361 | Gauntlet | Found a transporter.
 26380 | Gauntlet | Identified the +9 glaive "Nesmiont" {vorpal, Dex+4}
 26380 | Gauntlet | Noticed a minotaur
 26386 | Gauntlet | Killed a minotaur
 26387 | Gauntlet | Reached XP level 14. HP: 90/132 MP: 10/14
 26812 | Lair:4   | Reached skill level 13 in Axes
 26941 | Lair:4   | Identified the Tome of Flames and Dark Secrets
 27720 | Lair:5   | Got a pair of warped gloves
 27730 | Lair:5   | Identified the cursed +0 pair of gloves "Dimogih" {Harm
                  | +Blink Str-5 Dex+4} (You found it on level 5 of the Lair of
                  | Beasts)
 27937 | Lair:5   | Noticed Josephine
 27952 | Lair:5   | Killed Josephine
 28165 | Lair:5   | Found a runed translucent door.
 28166 | Lair:5   | Found a shimmering altar of Xom.
 28167 | Lair:5   | Noticed Riymurr's ghost (journeyman MfMo)
 28212 | Lair:5   | Killed Riymurr's ghost
 28458 | Lair:5   | Got a brightly glowing ring mail
 28468 | Lair:5   | Identified the cursed +0 ring mail of Vuucy {rElec rPois
                  | Dex+4} (You found it on level 5 of the Lair of Beasts)
 28838 | Lair:6   | Entered Level 6 of the Lair of Beasts
 28838 | Lair:6   | Found a shimmering altar of Xom.
 29500 | Orc:1    | Entered Level 1 of the Orcish Mines
 29512 | D:11     | Reached skill level 14 in Axes
 30006 | Orc:1    | Noticed Snorg
 30014 | Orc:1    | Killed Snorg
 30032 | Orc:1    | Reached ****** piety under Wu Jian
 30651 | Orc:2    | Entered Level 2 of the Orcish Mines
 31399 | Orc:2    | Gained mutation: You are weak. (Str -2) [a neqoxec]
 32195 | Orc:2    | Reached skill level 15 in Axes
 32270 | Orc:2    | Reached XP level 15. HP: 119/142 MP: 15/15
 32443 | Orc:2    | Found a staircase to the Elven Halls.
 32647 | Orc:2    | Found Utetuq's Weapon Shop.
 32647 | Orc:2    | Found Cask's Antique Armour Shop.
 32648 | Orc:2    | Found Naqoy's General Store.
 32648 | Orc:2    | Found Jistra Exze's Weapon Shop.
 32657 | Orc:2    | Bought a scroll of holy word for 82 gold pieces
 32657 | Orc:2    | Bought a potion of heal wounds for 55 gold pieces
 32657 | Orc:2    | Bought a scroll of teleportation for 33 gold pieces
 33015 | Orc:2    | Found Nithraita's Mayhem Merchandise.
 33318 | Elf:1    | Entered Level 1 of the Elven Halls
 34691 | Elf:1    | Found a radiant altar of Vehumet.
 35160 | Elf:1    | Reached skill level 16 in Axes
 35391 | Elf:1    | Noticed a deep elf sorcerer
 35785 | Elf:1    | Killed a deep elf sorcerer
 35895 | Elf:1    | HP: 3/128 [deep elf mage/bolt of negative energy (40)]
 38026 | Elf:1    | Reached skill level 17 in Axes
 40112 | Elf:1    | Found Zeisinn's Jewellery Shop.
 40703 | Elf:2    | Reached skill level 18 in Axes
 40954 | Elf:2    | Found Gavvez's Gadget Shop.
 41655 | Elf:2    | Reached XP level 16. HP: 99/148 MP: 16/16
 42951 | Elf:2    | Found a huge runed translucent gate.
 42951 | Elf:2    | Found a huge runed translucent gate.
 42951 | Elf:2    | Found a huge runed translucent gate.
 42951 | Elf:2    | Found a huge runed translucent gate.
 42951 | Elf:2    | Found a huge runed translucent gate.
 43300 | Elf:2    | Gained mutation: You are very weak. (Str -4) [a neqoxec]
 43978 | Elf:2    | HP: 3/148 [deep elf knight/shard of ice (33)]
 43980 | Elf:2    | Killed from afar by a deep elf knight

Illustrated notes

Levels and vault maps discovered:
D:1:      dpeg_arrival_concentric_ovals, layout_loops_ring, ashenzari_altar_1
D:2:      layout_basic, lemuel_coloured_pillars_altar,
          gammafunk_temple_overflow_claw, minmay_misc_feat_doors,
          kennysheep_flooded_box, uniq_robin
D:3:      layout_basic, nicolae_overflow_crystal_walls,
          minmay_stone_trees_small, lemuel_another_geyser
D:4:      minmay_chambers_of_fours, layout_basic, serial_shops, shop_coins
D:5:      cheibrodos_fzero, layout_rooms, gammafunk_ghost_grave, basic_altar,
          kennysheep_small_circle, uniq_grinder, uniq_menkaure
D:6:      layout_rooms, pdpol_temple_overflow_zin_treasury_gozag_greed,
          minmay_temple_entry_trees, minivault_1
D:7:      layout_basic, elyvilon_altar_4
D:8:      layout_basic, tso_oasis_becter, enter_ossuary_4,
          nicolae_transmutations_shop, minmay_three_doors, uniq_maurice,
          uniq_pikel, uniq_erica
D:9:      layout_loops_ring, serial_ice, serial_ice_o, serial_ice_b,
          serial_ice_h, serial_ice_e, serial_ice_c, hangedman_fish_farm,
          uniq_gastronok, uniq_harold, uniq_grum, uniq_joseph
D:10:     layout_loops_corners, dpeg_oklobed_lair
D:11:     lemuel_ogre_cave, layout_layer_cave, erik_orc_1,
          yredelemnul_altar_generic
D:12:     layout_cave_pools, special_room [special_room_orc], serial_shops,
          shop, nicolae_dithmenos_the_darkroom
D:13:     layout_layer_cave, david_vaults_1, portal_ice_cave_entry_pillars_2,
          minmay_guarded_unrand_resistance, uniq_kirke, uniq_azrael
Temple:   nicolae_temple_figure_eight
Lair:1:   layout_roguey, serial_bayou_shore_a, serial_bayou_shore_b,
          grunt_megastairs_5
Lair:2:   layout_regular_city, minmay_swamp_entry_wisps,
          minmay_snake_entry_guardpost_small, chequers_serial_rivers_large_a,
          grunt_megastairs_1
Lair:3:   layout_roguey, gammafunk_ghost_split, minivault_11
Lair:4:   layout_misc_corridors, gauntlet_entry_generic, minmay_lindwurm_lava
Lair:5:   layout_gridlike, ebering_ghost_xom, beast_lair_carwin_1,
          uniq_josephine
Lair:6:   cheibrodos_lair_end_hotspot, layout_regular_city,
          nicolae_slime_entry_slimehenge, basic_altar,
          grunt_forest_large_clearings
Orc:1:    layout_caves, uniq_snorg
Orc:2:    st_orc_pillars, layout_caves, nicolae_orc_sculptors_studio,
          minmay_shop_mayhem
Elf:1:    eino_elf_arrival_altar, layout_geoelf_octagon, serial_shops,
          nicolae_shop_waterfront, hangedman_elf_represent, st_stairs_4
Elf:2:    layout_loops_corners, serial_shops, nicolae_shop_crystal,
          palyth_stone_intersect

Skill      XL: |  1  2  3  4  5  6  7  8  9 10 11 12 13 14 15 |
---------------+----------------------------------------------+-----
Shields        | 3 4 5 6 7 8 9 |  9.4
Axes           | 3 4 5 7 8 9 10 11 12 15 18 | 18.8
Dodging        | 1 2 3 4 5 6 |  6.1
Fighting       | 4 5 7 8 9 10 11 12 | 12.3
Armour         | 3 4 5 6 7 8 |  8.8
Throwing       | 1 2 |  2.9
Evocations     | 3 5 6 7 |  7.7

Action                   |  1- 3 |  4- 6 |  7- 9 | 10-12 | 13-15 | 16-18 || total
-------------------------+-------+-------+-------+-------+-------+-------++-------
Melee: War axe           |    99 |   126 |       |   181 |       |       ||   406
       Tailslap          |    10 |    25 |    37 |   236 |   189 |    11 ||   508
       Hand axe          |       |    61 |   337 |  1093 |   151 |       ||  1642
       Unarmed           |       |       |     1 |       |       |       ||     1
       Hand crossbow     |       |       |       |     1 |       |       ||     1
       Broad axe         |       |       |       |       |  1077 |   133 ||  1210
 Fire: Hand crossbow     |       |       |       |    41 |     4 |       ||    45
Throw: Javelin           |       |     1 |     6 |    10 |     1 |       ||    18
       Dart              |       |       |    13 |    21 |     5 |       ||    39
       Throwing net      |       |       |       |     3 |       |       ||     3
       Stone             |       |       |       |     2 |       |       ||     2
Invok: Lunge             |       |       |     5 |    20 |    55 |     3 ||    83
       Whirlwind         |       |       |       |    73 |   121 |    10 ||   204
       Heavenly Storm    |       |       |       |       |     1 |       ||     1
 Abil: Rolling Charge    |    15 |    21 |    17 |    36 |    34 |     2 ||   125
       Wall Jump         |       |       |       |     7 |     4 |       ||    11
Evoke: Wand              |       |       |       |     5 |    16 |       ||    21
       Tin of tremorston |       |       |       |     1 |       |       ||     1
  Use: Scroll            |       |    15 |     3 |    12 |    25 |     1 ||    56
       Potion            |       |     1 |     4 |     3 |    11 |     1 ||    20
 Stab: Held in net/web   |       |       |       |     2 |       |       ||     2
       Distracted        |       |       |       |       |     2 |       ||     2
       Paralysed         |       |       |       |       |     7 |     2 ||     9
       Petrifying        |       |       |       |       |     4 |     1 ||     5
       Confused          |       |       |       |       |     1 |       ||     1
Armor: Scale mail        |    58 |   129 |   180 |   459 |   446 |    51 ||  1323
       Skin              |       |       |     7 |       |    42 |       ||    49
Dodge: Dodged            |    35 |    49 |    88 |   336 |   404 |    22 ||   934
Block: Kite shield       |    62 |   120 |   177 |   638 |   700 |    58 ||  1755
